Map: Ruins of Endion

Players

Miszu - Winner!

  • Race: Terran Terran
  • League: Master

Busker

  • Race: Zerg Zerg
  • League: Grandmaster

VOD

Have the link to the VOD?

Description

Time

  • Played on: May 9, 2016, 4:10 p.m.
  • Length: 13:41
Show
View Real Time Build Order
Export as new Build Order

Miszu Terran - Winner!

Build Orders: Reaper Expand, Hellion Banshee 

Get SALT Encoding   

  12  0:02  SCV  
  13  0:14  SCV  
  13  0:19  Supply Depot  
  14  0:26  SCV  
  15  0:41  SCV  
  15  0:42  Barracks  
  16  0:45  Refinery  
  16  0:53  SCV  
  17  1:05  SCV  
  18  1:17  SCV  
  19  1:29  Orbital Command  
  19  1:30  Reaper  
  20  1:42  Command Center  
  20  1:52  Supply Depot  
  20  1:55  SCV  
  21  2:02  Marine  
  21  2:06  Factory  
  22  2:10  SCV  
  22  2:14  Refinery  
  23  2:22  SCV  
  24  2:26  Barracks Reactor  
  24  2:34  SCV  
  25  2:46  SCV  
  26  2:52  Starport  
  26  2:57  Orbital Command  
  26  2:58  SCV  
  26  3:07  Hellion x2  
  26  3:08  Barracks Tech Lab  
  26  3:10  SCV  
  31  3:18  Supply Depot  
  31  3:22  SCV  
  31  3:23  SCV  
  33  3:31  Hellion  
  33  3:32  Hellion  
  37  3:36  Banshee  
  37  3:37  Barracks Reactor, SCV  
  37  3:38  SCV  
  42  3:49  SCV  
  42  3:53  SCV, Armory  
  42  3:54  Hellion x2  
  48  4:00  Supply Depot  
  48  4:01  SCV  
  49  4:05  SCV  
  50  4:13  Supply Depot  
  50  4:16  Hellion x2  
  54  4:21  Liberator x2  
  54  4:22  SCV  
  55  4:28  SCV  
  56  4:34  SCV  
  56  4:36  Supply Depot  
  56  4:37  Hellion x2  
  61  4:42  SCV  
  68  4:46  SCV  
  69  4:58  Supply Depot  
  69  5:02  Hellion x2, SCV x2  
  75  5:14  SCV x2  
  75  5:23  Hellion x2  
  75  5:26  SCV  
  80  5:28  Refinery  
  80  5:29  Starport, Command Center  
  80  5:30  Starport, Refinery  
  80  5:32  SCV  
  81  5:38  SCV  
  81  5:39  Supply Depot  
  82  5:43  Widow Mine  
  82  5:44  SCV  
  82  5:47  Liberator  
  85  5:51  Terran Ship Weapons Level 1  
  85  5:57  SCV  
  85  6:01  Supply Depot, SCV  
  85  6:02  Supply Depot  
  90  6:09  SCV  
  91  6:13  SCV  
  92  6:18  Starport Tech Lab  
  92  6:23  Banshee  
  93  6:38  Liberator  
  83  6:45  Banshee  
  80  6:48  SCV  
  80  6:49  SCV, Orbital Command  
  80  6:50  Starport  
  80  6:51  Supply Depot  
  80  6:52  Starport  
  80  6:56  Liberator  
  80  6:58  Hellion x2  
  85  7:06  SCV  
  85  7:08  SCV  
  87  7:15  Banshee  
  93  7:18  SCV  
  93  7:20  SCV, Orbital Command  
  93  7:21  Liberator  
  92  7:35  Banshee  
  98  7:50  Liberator  
  98  7:51  SCV x2  
  99  7:54  SCV  
  99  7:58  Banshee  
  104  7:59  Supply Depot  
  104  8:00  Supply Depot  
  104  8:01  Supply Depot  
  104  8:03  SCV  
  104  8:04  Refinery  
  104  8:05  SCV  
  106  8:06  SCV  
  106  8:12  Refinery  
  110  8:13  Command Center  
  110  8:15  SCV  
  111  8:22  Banshee  
  111  8:23  Starport Tech Lab  
  114  8:28  Liberator  
  114  8:33  Starport Tech Lab  
  114  8:40  Banshee  
  117  8:46  Banshee  
  123  8:51  Hellion x2  
  127  8:58  Fusion Core  
  127  8:59  Supply Depot x2  
  127  9:00  Supply Depot x2  
  127  9:03  Liberator x2  
  127  9:12  Hellion x2  
  131  9:19  Banshee  
  140  9:29  Command Center  
  140  9:31  Command Center  
  140  9:33  Hellion  
  140  9:37  Engineering Bay  
  142  9:42  Banshee x2  
  142  9:44  Refinery  
  148  9:47  Refinery  
  148  9:50  Hyperflight Rotors  
  148  9:54  SCV x3  
  151  10:02  Banshee  
  151  10:03  Planetary Fortress  
  151  10:06  SCV x3  
  157  10:07  Banshee  
  160  10:15  Liberator x2  
  160  10:16  Liberator  
  160  10:18  SCV x2  
  171  10:43  Command Center  
  171  10:46  Orbital Command  
  171  10:49  SCV x3, Missile Turret  
  174  10:53  Terran Ship Weapons Level 2  
  174  10:54  Banshee x2  
  183  10:58  Liberator  
  183  11:01  SCV x2  
  184  11:08  Missile Turret  
  168  11:24  Liberator x2  
  171  11:48  Missile Turret  
  171  11:53  Missile Turret  
  171  11:55  Missile Turret  
  171  12:00  Starport Tech Lab  
  168  12:07  Hellion x2  
  172  12:15  Planetary Fortress  
  172  12:17  Factory x2, SCV  
  172  12:18  SCV x4  
  177  12:28  Hellion  
  179  12:35  Refinery  
  179  12:37  Refinery  
  179  12:48  Banshee  
  179  12:49  Banshee x2  
  164  13:05  SCV  
  164  13:06  SCV x5  
  165  13:18  SCV x6  
Show
View Real Time Build Order
Export as new Build Order

Busker Zerg 

Build Orders: Hatch First 

Get SALT Encoding   

  12  0:01  Drone  
  13  0:13  Overlord  
  13  0:19  Drone  
  14  0:31  Drone x2  
  16  0:36  Drone  
  17  0:53  Hatchery  
  17  0:56  Drone  
  17  0:59  Drone  
  18  1:11  Extractor  
  18  1:15  Spawning Pool  
  18  1:16  Drone  
  17  1:20  Drone  
  18  1:30  Drone  
  19  1:43  Overlord  
  19  1:51  Drone  
  20  2:01  Queen  
  20  2:03  Zergling x2  
  20  2:04  Queen  
  20  2:06  Zergling x2  
  26  2:12  Metabolic Boost, Drone  
  27  2:17  Drone  
  27  2:22  Drone  
  29  2:36  Drone x2  
  31  2:39  Drone  
  31  2:42  Queen  
  31  2:44  Overlord  
  34  2:48  Drone  
  35  2:54  Drone  
  35  3:00  Overlord  
  35  3:06  Drone  
  35  3:10  Drone  
  35  3:11  Drone  
  35  3:12  Drone x2  
  40  3:13  Drone x3  
  40  3:18  Hatchery  
  42  3:21  Drone  
  42  3:23  Drone  
  44  3:29  Pneumatized Carapace, Drone  
  44  3:32  Extractor  
  44  3:38  Roach Warren  
  44  3:39  Drone  
  44  3:40  Drone  
  45  3:47  Drone x3  
  45  3:48  Drone  
  48  3:51  Zergling x6  
  51  3:56  Zergling x2  
  51  3:58  Overlord  
  52  4:06  Evolution Chamber  
  51  4:10  Evolution Chamber  
  51  4:16  Overlord  
  50  4:19  Drone x3  
  50  4:22  Overlord  
  53  4:28  Zergling x2  
  53  4:29  Zergling x2  
  53  4:30  Drone  
  56  4:33  Spore Crawler  
  56  4:34  Spore Crawler  
  56  4:37  Queen  
  56  4:38  Queen x2  
  58  4:43  Spore Crawler  
  57  4:56  Zergling x16  
  57  4:59  Zerg Melee Weapons Level 1  
  62  5:05  Roach x4  
  70  5:12  Roach x3  
  68  5:24  Drone x7  
  68  5:27  Zerg Ground Armor Level 1  
  74  5:34  Drone  
  74  5:35  Drone x2  
  77  5:40  Drone  
  78  5:55  Queen x2  
  78  5:57  Overlord x3  
  82  6:03  Overlord  
  82  6:13  Queen  
  80  6:20  Roach x9  
  81  6:40  Drone x2  
  81  6:41  Drone x3  
  81  6:45  Drone x2  
  87  6:50  Drone  
  87  6:52  Drone  
  87  6:55  Drone  
  88  7:02  Drone  
  88  7:07  Drone  
  90  7:28  Drone  
  90  7:29  Drone x8  
  97  7:36  Lair  
  93  7:37  Zerg Missile Weapons Level 1  
  93  7:38  Drone x2  
  93  7:40  Extractor  
  93  7:43  Drone  
  93  7:47  Drone x2  
  91  7:53  Drone  
  91  7:56  Extractor  
  91  7:57  Extractor  
  90  7:59  Extractor  
  90  8:03  Drone x3  
  90  8:04  Drone x3  
  90  8:05  Drone x2  
  97  8:12  Overlord x2  
  97  8:16  Drone  
  97  8:17  Drone x3  
  101  8:21  Overlord  
  101  8:34  Hatchery  
  100  8:44  Queen x2  
  100  8:45  Zerg Ground Armor Level 2  
  104  8:49  Burrow, Tunneling Claws  
  104  8:56  Spore Crawler x2  
  104  8:58  Overlord  
  102  9:05  Spore Crawler, Overseer  
  102  9:06  Spore Crawler  
  100  9:15  Roach x11  
  100  9:17  Roach x4  
  130  9:24  Overlord  
  130  9:29  Overlord x3  
  130  9:36  Zerg Missile Weapons Level 2  
  130  9:58  Overlord  
  130  9:59  Drone x5  
  139  10:00  Drone x11  
  146  10:16  Queen  
  146  10:17  Overlord  
  146  10:19  Spore Crawler, Hatchery  
  144  10:23  Infestation Pit  
  141  10:33  Spore Crawler  
  141  10:34  Hatchery  
  141  10:35  Spore Crawler  
  138  10:37  Spore Crawler  
  138  10:38  Spore Crawler  
  138  10:42  Glial Reconstitution  
  136  10:43  Roach x8  
  136  10:49  Roach x5  
  136  10:50  Roach x5  
  136  10:55  Roach x6  
  136  11:04  Overlord  
  108  11:42  Spire, Drone x7  
  108  11:43  Drone x7  
  108  11:44  Extractor  
  116  11:47  Extractor  
  109  12:03  Overlord  
  109  12:05  Hatchery  
  108  12:11  Spore Crawler x2  
  108  12:12  Roach x4, Spore Crawler  
  108  12:13  Roach x12  
  108  12:14  Queen x3, Spore Crawler x2  
  141  12:16  Queen  
  143  12:23  Roach x2  
  143  12:24  Roach x6  
  143  12:25  Roach  
  143  12:27  Roach x2  
  149  12:37  Ravager x5  
  149  12:38  Ravager x7  
  149  12:39  Roach x6  
  129  13:03  Ravager  
  129  13:04  Ravager x3  
  129  13:05  Roach x2  
  124  13:06  Roach x13  
  150  13:17  Mutalisk  
Tags
 
Add a new tag
Caveats
  • Supply blocks, unpowered buildings, or Contaminate may cause inaccurate times.
  • Supply counts are checked every 10 seconds.